 Dungeon Crawl Stone Soup version 0.29-a0-359-g541a27f54d (webtiles) character file.

Game seed: 8170742377261745674

103 Bruhh the Magician (level 5, 0/60 HPs)
             Began as a Djinni Cinder Acolyte on Apr 27, 2022.
             Was a High Priest of Ignis.
             Killed by divine providence
             ... invoked by an orc priest
              (10 damage)
             ... on level 3 of the Dungeon.
             The game lasted 00:03:31 (3722 turns).

Bruhh the Magician (Djinni Cinder Acolyte)          Turns: 3722, Time: 00:03:32

Health: 0/60       AC: 22    Str: 13    XL:     5   Next: 6%
Gold:   104        EV:  2    Int: 17    God:    Ignis [*****.] SH:  0 Dex:  9

rFire   + . .      SeeInvis .   a - -1 falchion (flame)
rCold   . . .      Faith    .   (no shield)
rNeg    . . .      Spirit   .   (body armour currently unavailable)
rPois   ∞          Reflect  .   (helmet currently unavailable)
rElec   .          Harm     .   (cloak currently unavailable)
rCorr   .          Rampage  .   (gloves currently unavailable)
Will    .....      NoTele   +   (boots unavailable)
Stlth   +.........              (no amulet)
HPRegen 0.20/turn               (no ring)
MPRegen 0.00/turn               (no ring)

@: tree-form, very slightly contaminated
A: stationary, stasis, torment immunity, boosted hp, sickness immunity, (fire
resistance 2), (cold vulnerability 1), float, innate caster, HP casting, extra
vitality 1
a: Renounce Religion, Fiery Armour, Foxfire Swarm, Rising Flame


You were on level 3 of the Dungeon.
You worshipped Ignis.
Ignis was extremely pleased with you.
You were a tree.
You visited 1 branch of the dungeon, and saw 3 of its levels.

You collected 104 gold pieces.

Inventory:

Hand Weapons
 a - a -1 falchion of flaming (weapon)
Armour
 b - a +0 robe (melded)
 d - a +1 cloak (melded)
Jewellery
 i - a +4 ring of evasion
Scrolls
 e - 6 scrolls of identify {unknown}
 g - 6 scrolls of teleportation {unknown}
 h - a scroll of immolation {unknown}
Potions
 f - a potion of might {unknown}


   Skills:
 - Level 3.0 Fighting
 - Level 2.6 Long Blades
 - Level 0.2 Dodging
 - Level 0.5 Stealth
 + Level 4.0 Spellcasting


You had 7 spell levels left.
You knew the following spells:

 Your Spells              Type           Power      Damage    Failure   Level
a - Scorch                Fire           34%        2d7       4%          2
b - Beastly Appendage     Tmut           34%        N/A       3%          1
c - Blink                 Tloc           34%        N/A       4%          2
Your spell library was empty.

Dungeon Overview and Level Annotations

Branches:
Dungeon (3/15)

Altars:

Shops:
D:3 :


Innate Abilities, Weirdness & Mutations

You are a tree.
Your roots penetrate the ground, keeping you stationary.
You cannot be teleported.
You are immune to unholy pain and torment.
Your maximum health is greatly increased.
Your equipment is partially melded.
You are immune to sickness and miasma.
You are immune to poison.
((Your flesh is very heat resistant. (rF++)))
((You are vulnerable to cold. (rC-)))
You float through the air rather than walking.
You learn spells naturally, not from books.
Your magical power is your life essence.
You have superior vitality. (+4 MHP)


Message History

The orc priest is severely wounded.
The orc priest's fire resistance burns away.
The orc priest hits you with a +0 flail.
You miscast Scorch.
Nothing appears to happen.
The orc priest closely misses you.
You are too injured to fight recklessly!
You are too injured to fight recklessly!
Casting: Scorch (safe; 4% risk of failure)
Confirm with . or Enter, or press ? or * to list all spells.
Flames lash the orc.
You kill the orc!
The orc priest invokes the aid of Beogh against you.
You struggle to resist.
Casting: Scorch (safe; 4% risk of failure)
Confirm with . or Enter, or press ? or * to list all spells.
You miscast Scorch.
Nothing appears to happen.
The orc priest hits you with a +0 flail.
* * * LOW HITPOINT WARNING * * *
Casting: Scorch (safe; 4% risk of failure)
Confirm with . or Enter, or press ? or * to list all spells.
Flames lash the orc.
The orc is severely wounded.
The orc's fire resistance burns away.
* * * LOW HITPOINT WARNING * * *
The orc priest is no longer more vulnerable to fire.
The orc priest closely misses you.
Casting: Scorch (safe; 4% risk of failure)
Confirm with . or Enter, or press ? or * to list all spells.
Flames lash the orc.
The orc is burned terribly!
You kill the orc!
* * * LOW HITPOINT WARNING * * *
The orc priest closely misses you.
The orc priest miscasts a cantrip.
It was a potion of lignification.
You turn into a tree.
Your +1 cloak melds into your body.
Your +0 robe melds into your body.
Your roots penetrate the ground.
The orc priest hits you but does no damage.
The orc priest calls down the wrath of Beogh upon you.
Beogh smites you!
You die...

.# #.###...###..# #....# ##
#.# #...# #..# #...##
#.###...###..# #####
#..(.........#
####.####..#.# #..........
##### ###..... ..
....##############o.#######
................♣oo).......
....##############...#...#.
....# #......... #####
#......... #.........
##..#...#. #........
############### #.#######
......##......#


You could see 2 orc priests and an orc.

Vanquished Creatures
  3 adders
  2 dart slugs (D:1)
  3 orcs (D:3)
  7 ball pythons
  11 bats
  9 endoplasms
  2 giant cockroaches
  5 goblins
  A hobgoblin (D:2)
  3 jackals (D:1)
  7 kobolds
  5 frilled lizards
  8 rats
66 creatures vanquished.

Notes
Turn   | Place    | Note
-------+----------+-------------------------------------------
     0 | D:1      | Bruhh the Djinni Cinder Acolyte began the quest for the
                  | Orb.
     0 | D:1      | Reached XP level 1. HP: 20/20 MP: 0/0
   281 | D:1      | Reached XP level 2. HP: 25/25 MP: 0/0
   583 | D:1      | Reached skill level 3 in Spellcasting
  1008 | D:1      | Reached XP level 3. HP: 23/30 MP: 0/0
  1008 | D:1      | Learned a level 1 spell: Beastly Appendage
  2071 | D:2      | Reached XP level 4. HP: 26/35 MP: 0/0
  2521 | D:2      | Found a faded altar of an unknown god.
  3194 | D:3      | Found Kueridgh's Book Shop.
  3372 | D:3      | Reached skill level 4 in Spellcasting
  3449 | D:3      | Reached XP level 5. HP: 36/40 MP: 0/0
  3449 | D:3      | Learned a level 2 spell: Blink
  3722 | D:3      | Killed from afar by an orc priest

Illustrated notes

Levels and vault maps discovered:
D:1:      minmay_arrival_cross, layout_loops_cross, serial_co_window_serial,
          co_window_of_opportunity_a, co_window_paths_a, co_window_cross_1,
          co_window_corner_a, co_window_paths_a, co_window_paths_a,
          co_window_corner_b, co_window_paths_c, co_window_corner_b,
          co_window_of_opportunity_b, co_window_corner_cb,
          co_window_unsneaky_path_a, co_window_broadway_b, co_window_sun,
          glass_columns_b, glass_columns_a, glass_columns_b
D:2:      layout_basic, basic_ecumenical_altar
D:3:      cheibrodos_pilgrimage, layout_basic, serial_shops, nicolae_shop_trees,
          minmay_misc_feat_cross, lemuel_old_faithful

Skill      XL: |  1  2  3  4 |
---------------+-------------+-----
Spellcasting   | 3 4 |  4.0
Fighting       | |  3.0
Long Blades    | |  2.6
Dodging        | |  0.2
Stealth        | |  0.5

Action                   |  1- 3 |  4- 6 || total
-------------------------+-------+-------++-------
Melee: Falchion          |    16 |     1 ||    17
 Cast: Scorch            |    35 |    39 ||    74
  Use: Potion            |       |     1 ||     1
Armor: Robe              |     7 |     2 ||     9
       Skin              |       |     1 ||     1
Dodge: Dodged            |    32 |     8 ||    40

Table legend: (Time is in decaauts)
 A = Elapsed time spent in this place.
 B = Non-inter-level travel time spent in this place.
 C = Inter-level travel time spent in this place.
 D = Time resting spent in this place.
 E = Time spent auto-exploring this place.
 F = Levels seen in this place.
 G = Mean time per level.
                   A        B        C        D        E       F      G
               +--------+--------+--------+--------+--------+-----+--------+
         Total |   3723 |   3668 |     55 |      0 |   3367 |   3 | 1241.0 |
       Dungeon |   3723 |   3668 |     55 |      0 |   3367 |   3 | 1241.0 |
               +--------+--------+--------+--------+--------+-----+--------+

Top non-repeatable levels by time:
     D:1: 2013 daAuts
     D:2: 905 daAuts
     D:3: 804 daAuts
